 Dungeon Sprint DCSS version 0.16-a0-3781-g2316936 (console) character file.

46 Monkaria the Slasher (level 3, -5/37 HPs)
             Began as a Hill Orc Fighter on Jan 25, 2015.
             Was an Initiate of Makhleb.
             Slain by a hill giant
             ... wielding a +0 giant club
              (35 damage)
             ... in the Dungeon (Sprint IX: "|||||||||||||||||||||||||||||").
             The game lasted 00:01:21 (324 turns).

Monkaria the Slasher (Hill Orc Fighter)              Turns: 324, Time: 00:01:21

Health: -5/37      AC: 12    Str: 19    XL:     3   Next: 66%
Magic:  3/3        EV:  8    Int: 11    God:    Makhleb [......]
Gold:   0          SH:  9    Dex: 10    Spells: 0 memorised, 2 levels left

rFire  . . .     SeeInvis .     a - +0 long sword
rCold  . . .     Clarity  .     s - +2 ring mail
rNeg   . . .     SustAb   .     c - +0 shield
rPois  .         Gourm    .     (no helmet)
rElec  .         Spirit   .     r - +0 cloak
rCorr  .         Warding  .     q - +0 pair of gloves
rMut   .         NoTele   +     (no boots)
MR     .....                    (no amulet)
Stlth  ..........               u - +3 ring of intelligence
                                t - +2 ring of protection

@: not resistant to hostile enchantments, extremely unstealthy
A: no striking features
a: Renounce Religion


You were in the Dungeon.
You worshipped Makhleb.
Makhleb was noncommittal.
You were not hungry.

You visited 1 branch

Inventory:

Hand weapons
 a - a +0 long sword (weapon)
 p - a +2 scimitar of flaming
Armour
 c - a +0 shield (worn)
 q - a +0 pair of gloves (worn)
 r - a +0 cloak (worn)
 s - a +2 ring mail (worn)
Jewellery
 t - a +2 ring of protection (left hand)
 u - a +3 ring of intelligence (right hand)
Magical devices
 o - a wand of fire (7)
Scrolls
 k - 2 scrolls of blinking
 m - 3 scrolls of remove curse
 n - 2 scrolls of amnesia
Potions
 e - a potion of might
 f - 5 potions of curing
 g - 3 potions of heal wounds
 h - a potion of haste
 i - 4 potions of magic
 j - a potion of berserk rage
 l - a potion of invisibility
Comestibles
 d - a meat ration


   Skills:
 - Level 5.9 Fighting
 * Level 6.5 Long Blades
 - Level 3.2 Armour
 - Level 3.2 Shields


You had 2 spell levels left.
You didn't know any spells.

Dungeon Overview and Level Annotations

Branches:
Dungeon (1/1)

Altars:
Cheibriados
Dithmenos
Elyvilon
Fedhas
Gozag
Kikubaaqudgha
Makhleb
Nemelex Xobeh
Okawaru
Qazlal
Ru
Sif Muna
Trog
Vehumet
Xom
Yredelemnul
Zin
The Shining One
Beogh
Jiyva
Lugonu


Message History

A worker ant, a kobold, an orc, a deep elf mage, a hill giant and a phantom come into view.
The hill giant shouts!
The deep elf mage shouts!
The worker ant twitches its antennae in your direction.
The kobold shouts!
The orc shouts!
You hit the phantom.
The phantom is lightly damaged.
The phantom barely misses you.
You hit the phantom but do no damage.
The phantom is lightly damaged.
The phantom hits you but does no damage.
You slash the phantom!
The phantom is heavily damaged.
The phantom hits you!
You hit the phantom but do no damage.
The phantom is heavily damaged.
The phantom blinks!
You block the phantom's attack.
You hit the hill giant but do no damage.
The hill giant hits you with a giant club!!
Ouch! That really hurt!
You die... ▓▓▓▓▓▓▓▓▓▓▓▓▓▓▓▓▓▓▓▓▓▓▓▓▓ _______'..|)...W@Ce.aKo.+ ▓▓▓▓▓▓▓▓▓▓▓▓▓▓▓▓▓▓▓▓▓▓▓▓▓

You could see a hill giant, a phantom, a deep elf mage, a worker ant, an orc and a kobold.

Vanquished Creatures
  A crimson imp (D)
  A giant gecko (D)
  An orc (D)
  A ball python (D)
  A giant cockroach (D)
  A jackal (D)
  A giant cockroach zombie (D)
  2 goblins (D)
  A rat (D)
10 creatures vanquished.

Vanquished Creatures (others)
  A spatial maelstrom (D)
1 creature vanquished.

Grand Total: 11 creatures vanquished

Notes
Turn   | Place    | Note
--------------------------------------------------------------
     0 | D        | Monkaria, the Hill Orc Fighter, began the quest for the Orb.
     0 | D        | Reached XP level 1. HP: 19/19 MP: 1/1
    10 | D        | Reached skill level 4 in Fighting
    18 | D        | Banished a spatial maelstrom
    32 | D        | Noticed a crimson imp
    48 | D        | Reached XP level 2. HP: 15/28 MP: 2/2
    81 | D        | Killed a crimson imp
    81 | D        | Reached skill level 5 in Fighting
    81 | D        | Reached skill level 6 in Long Blades
    81 | D        | Reached XP level 3. HP: 16/37 MP: 3/3
   252 | D        | Found a glowing silver altar of Zin.
   252 | D        | Found a glowing golden altar of the Shining One.
   252 | D        | Found an ancient bone altar of Kikubaaqudgha.
   252 | D        | Found a basalt altar of Yredelemnul.
   252 | D        | Found a shimmering altar of Xom.
   252 | D        | Found a radiant altar of Vehumet.
   252 | D        | Found an iron altar of Okawaru.
   253 | D        | Found a burning altar of Makhleb.
   254 | D        | Found a deep blue altar of Sif Muna.
   255 | D        | Found a bloodstained altar of Trog.
   256 | D        | Found a sparkling altar of Nemelex Xobeh.
   257 | D        | Found a white marble altar of Elyvilon.
   258 | D        | Found a roughly hewn altar of Beogh.
   259 | D        | Found a viscous altar of Jiyva.
   260 | D        | Found a corrupted altar of Lugonu.
   261 | D        | Found a blossoming altar of Fedhas.
   262 | D        | Became a worshipper of Makhleb the Destroyer
   263 | D        | Found a snail-covered altar of Cheibriados.
   264 | D        | Found a shadowy altar of Dithmenos.
   265 | D        | Found a stormy altar of Qazlal.
   266 | D        | Found an opulent altar of Gozag.
   267 | D        | Found a sacrificial altar of Ru.
   319 | D        | Noticed a phantom
   319 | D        | Noticed a hill giant
   319 | D        | Noticed a deep elf mage
   319 | D        | Noticed a worker ant
   324 | D        | Slain by a hill giant

Action                   || total
-------------------------++-------
Melee: Long sword        ||    53
